 Dungeon Crawl Stone Soup version 0.24.0-5-g267a8d59f4 (webtiles) character file.

Game seed: 7812289715451921764, levelgen mode: deterministic

129 wullow the Sneak (level 5, -3/50 HPs)
             Began as a Naga Wanderer on Nov 1, 2019.
             Killed by divine providence
             ... invoked by an orc priest
              (9 damage)
             ... on level 3 of the Dungeon.
             The game lasted 00:06:45 (2828 turns).

wullow the Sneak (Naga Wanderer)                    Turns: 2828, Time: 00:06:46

Health: -3/50      AC:  3    Str: 15    XL:     5   Next: 12%
Magic:  5/5        EV:  9    Int: 10    God:
Gold:   118        SH:  0    Dex: 13    Spells: 4/4 levels left

rFire    . . .     SeeInvis +   a - +0 dagger
rCold    . . .     Gourm    .   (no shield)
rNeg     . . .     Faith    .   e - +0 leather armour
rPois    +         Spirit   .   (no helmet)
rElec    .         Reflect  .   (no cloak)
rCorr    .         Harm     .   (no gloves)
MR       .....                  (no barding)
Stlth    ++........             (no amulet)
HPRegen  0.16/turn              (no ring)
MPRegen  0.09/turn              (no ring)

@: very slow
A: large, see invisible, deformed body, poison resistance, slowness 2, slow
metabolism 1, spit poison 1, AC +1
a: Spit Poison


You were on level 3 of the Dungeon.
You were not hungry.

You visited 1 branch of the dungeon, and saw 3 of its levels.

You collected 118 gold pieces.

Inventory:

Hand Weapons
 a - a +0 dagger (weapon)
 m - a +0 short sword
Missiles
 b - 2 throwing nets
 d - 14 poisoned darts (quivered)
 l - 123 stones
 n - 31 bolts
Armour
 e - a +0 leather armour (worn)
 t - a +3 ring mail
Jewellery
 s - a +3 amulet of reflection {unknown}
 v - an uncursed ring of wizardry {unknown}
Scrolls
 g - a scroll of amnesia
 j - a scroll of remove curse {unknown}
 k - a scroll of fear {unknown}
 o - 2 scrolls of enchant weapon {unknown}
 r - a scroll of blinking {unknown}
 x - 2 scrolls of magic mapping {unknown}
Potions
 c - 2 potions of curing
 h - 3 potions of agility
 p - a potion of lignification {unknown}
 q - a potion of haste {unknown}
 w - a potion of heal wounds {unknown}
Comestibles
 f - 7 rations


   Skills:
 + Level 4.1 Fighting
 + Level 2.4 Short Blades
 - Level 1.0 Throwing
 - Level 1.5 Dodging
 + Level 4.4 Stealth
 - Level 2.0 Unarmed Combat
   Level 1.0 Evocations


You had 4 spell levels left.
You didn't know any spells.
Your spell library was empty.

Dungeon Overview and Level Annotations

Branches:
Dungeon (3/15)

Altars:


Innate Abilities, Weirdness & Mutations

You cannot wear boots.
Your serpentine skin is tough. (AC +1)
You have supernaturally acute eyesight. (SInv)
Armour fits poorly on your strangely shaped body.
Your system is resistant to poisons. (rPois)
You cover ground very slowly.
You have a slow metabolism.
You can spit poison.


Message History

Beogh smites you! The orc wizard closely misses you.
The orc wizard casts a spell at you. The puff of frost hits you!
* * * LOW HITPOINT WARNING * * *
The orc wizard hits you with a +0 dagger.
* * * LOW HITPOINT WARNING * * *
The orc wizard looks encouraged for a moment.
The orc priest calls upon Beogh to heal the orc wizard.
The orc wizard is healed somewhat.
It was a potion of agility.
You feel agile all of a sudden. The orc wizard closely misses you.
It was a potion of cancellation.
Your magical effects are unravelling.
You feel magically purged.
You feel a little less agile now.
The orc wizard hits you but does no damage.
The orc priest invokes the aid of Beogh against you.
Beogh smites you!
You die...

........... ...........
........... #... ...........
#..# .# ........... #..# ...#
........... #..#....##
........... #..#.....#
..##.#################..##..#.#
................@o.............
..##.#############..........#
..##.# #............# ..##.#
#..).o.......# ..##.#
#............#. ..##.#
#......<...(.#. ..##.#
#...........(#.### ..##.#
#...........(..... ..##.#
#............(....


You could see an orc priest and an orc wizard.

Vanquished Creatures
  An orc priest (D:3)
  2 adders
  3 gnolls (D:2)
  2 worms
  2 dart slugs
  6 bats
  3 giant cockroaches
  3 goblins (D:1)
  6 hobgoblins
  2 frilled lizards
  10 kobolds
  5 rats
45 creatures vanquished.

Notes
Turn   | Place    | Note
-------+----------+-------------------------------------------
     0 | D:1      | wullow the Naga Wanderer began the quest for the Orb.
     0 | D:1      | wullow set off with the following items: a +0 dagger, 2
                  | throwing nets, a potion of curing, 12 poisoned darts, a +0
                  | leather armour, a ration
     0 | D:1      | Reached XP level 1. HP: 21/21 MP: 1/1
   202 | D:1      | Reached XP level 2. HP: 19/28 MP: 2/2
   400 | D:1      | Reached skill level 1 in Short Blades
   888 | D:1      | Reached XP level 3. HP: 34/34 MP: 3/3
  1846 | D:2      | Reached XP level 4. HP: 44/44 MP: 4/4
  2646 | D:3      | Reached XP level 5. HP: 50/50 MP: 5/5
  2828 | D:3      | Killed from afar by an orc priest

Levels and vault maps discovered:
D:1:      roderic_chinese_lattice_arrival, layout_basic, minmay_hexomino_f4
D:2:      layout_basic
D:3:      layout_basic, hellmonk_ghost_happy_afterlife

Skill      XL: |  1  2  3  4 |
---------------+-------------+-----
Stealth        | 2 3 4 |  4.4
Short Blades   | 1 2 |  2.4
Fighting       | 4 |  4.1
Throwing       | |  1.0
Dodging        | |  1.5
Unarmed Combat | |  2.0
Evocations     | |  1.0

Action                   |  1- 3 |  4- 6 || total
-------------------------+-------+-------++-------
Melee: Dagger            |    50 |    17 ||    67
       Punch             |     1 |       ||     1
Throw: Dart              |    71 |    58 ||   129
       Throwing net      |     1 |       ||     1
 Abil: Spit Poison       |    21 |     9 ||    30
  Use: Scroll            |       |     1 ||     1
       Potion            |       |     2 ||     2
  Eat: Chunk             |     3 |     3 ||     6
Armor: Leather armour    |    28 |     6 ||    34
Dodge: Dodged            |    42 |    17 ||    59
